[ AOE2 MATCH · #505534649 ]
UnrankedMalay vs Dravidians
Player's team · LOSS
[ REPLAY ANALYSIS · EXTRACTED FROM THE RECORDED GAME ]
Feudal
10:03
Castle
21:48
Imperial
—
| APM avg | 75.7 |
| APM peak | 115 |
| eAPM avg | 30.8 |
| Villagers / military | 82 / 66 |
Focus
⚔️ 42.9% · 🌾 57.1%
Skirmisher ×30 · Battle Elephant ×22 · Archer ×10 · Militia ×3 · Spearman ×1
Feudal
9:00
Castle
22:05
Imperial
—
| APM avg | 66.3 |
| APM peak | 117 |
| eAPM avg | 27.8 |
| Villagers / military | 64 / 71 |
Focus
⚔️ 39.3% · 🌾 60.7%
Skirmisher ×29 · Militia ×19 · Spearman ×17 · Archer ×6
Match map
Initial resources + every placement click. Lines = walls · curves = elevation contours. ◆ gold · ⬟ stone · ● berries · ✦ relic · ◌ wall gap
Your base· Open — 2t gap
TAG_MbL_'s base· Open — 4t gap
Smoothed initial terrain · ◌ = detected wall gap · hover for details
Inputs per minute
— Valas - - TAG_MbL_
Build order — Valas
First 150 of 266 actions detected
| 0:00 | Queue | Villager (Male) |
| 0:01 | Queue | Villager (Male) |
| 0:01 | Queue | Villager (Male) |
| 0:01 | Queue | Villager (Male) |
| 0:02 | Build | House |
| 0:02 | Build | House |
| 1:32 | Queue | Villager (Male) |
| 1:52 | Build | Lumber Camp |
| 1:56 | Queue | Villager (Male) |
| 2:12 | Queue | Villager (Male) |
| 2:13 | Queue | Villager (Male) |
| 2:43 | Queue | Villager (Male) |
| 2:58 | Queue | Villager (Male) |
| 3:31 | Build | House |
| 3:34 | Queue | Villager (Male) |
| 3:52 | Queue | Villager (Male) |
| 4:26 | Queue | Villager (Male) |
| 4:38 | Queue | Villager (Male) |
| 4:39 | Build | Barracks |
| 4:46 | Build | House |
| 4:48 | Build | Barracks |
| 5:02 | Build | House |
| 5:06 | Queue | Villager (Male) |
| 5:20 | Queue | Villager (Male) |
| 5:47 | Queue | Militia |
| 5:47 | Queue | Militia |
| 5:47 | Queue | Militia |
| 6:11 | Queue | Villager (Male) |
| 6:29 | Build | Mill |
| 6:35 | Queue | Villager (Male) |
| 6:49 | Build | House |
| 6:53 | Queue | Villager (Male) |
| 7:13 | Build | House |
| 7:22 | Queue | Villager (Male) |
| 7:55 | Queue | Villager (Male) |
| 8:14 | Research | Loom |
| 8:21 | Build | Mining Camp |
| 8:25 | Build | Palisade Wall |
| 8:27 | Build | Palisade Wall |
| 8:29 | Build | Palisade Wall |
| 8:35 | Research | Feudal Age |
| 9:30 | Build | House |
| 9:46 | Queue | Villager (Male) |
| 10:03 | Age | Feudal Age |
| 10:06 | Queue | Villager (Male) |
| 10:07 | Build | Archery Range |
| 10:08 | Queue | Spearman |
| 10:14 | Research | Man-at-Arms (upgrade) |
| 10:25 | Queue | Villager (Male) |
| 10:32 | Queue | Villager (Male) |
| 10:49 | Queue | Villager (Male) |
| 11:01 | Build | Palisade Wall |
| 11:02 | Build | Palisade Wall |
| 11:04 | Build | Palisade Wall |
| 11:05 | Build | Palisade Wall |
| 11:06 | Build | Palisade Wall |
| 11:13 | Queue | Villager (Male) |
| 11:33 | Queue | Archer |
| 11:45 | Queue | Villager (Male) |
| 11:47 | Research | Double-Bit Axe |
| 11:47 | Research | Horse Collar |
| 12:05 | Build | Farm |
| 12:24 | Queue | Archer |
| 12:29 | Build | Farm |
| 12:41 | Build | Farm |
| 12:42 | Build | Farm |
| 12:47 | Queue | Archer |
| 12:52 | Build | Palisade Wall |
| 12:53 | Build | Palisade Wall |
| 12:55 | Build | Palisade Wall |
| 13:01 | Build | Palisade Wall |
| 13:02 | Queue | Villager (Male) |
| 13:05 | Build | Farm |
| 13:06 | Build | Farm |
| 13:11 | Build | Farm |
| 13:13 | Build | Farm |
| 13:28 | Queue | Archer |
| 13:33 | Build | Farm |
| 13:36 | Build | Farm |
| 13:43 | Queue | Villager (Male) |
| 14:05 | Queue | Villager (Male) |
| 14:15 | Queue | Villager (Male) |
| 14:18 | Build | Blacksmith |
| 14:23 | Queue | Archer |
| 14:32 | Build | Farm |
| 14:32 | Queue | Villager (Male) |
| 15:03 | Queue | Villager (Male) |
| 15:12 | Research | Fletching |
| 15:15 | Build | Farm |
| 15:16 | Build | Farm |
| 15:18 | Queue | Archer |
| 15:22 | Queue | Villager (Male) |
| 15:28 | Build | House |
| 15:29 | Queue | Villager (Male) |
| 15:46 | Build | Archery Range |
| 15:51 | Queue | Villager (Male) |
| 16:07 | Queue | Villager (Male) |
| 16:16 | Build | Palisade Wall |
| 16:16 | Build | Palisade Wall |
| 16:16 | Build | Palisade Wall |
| 16:23 | Build | Palisade Wall |
| 16:24 | Build | House |
| 16:26 | Queue | Villager (Male) |
| 16:31 | Build | Farm |
| 16:33 | Build | Farm |
| 16:36 | Build | Farm |
| 16:39 | Queue | Archer |
| 16:41 | Queue | Archer |
| 16:49 | Queue | Villager (Male) |
| 16:58 | Build | Farm |
| 17:00 | Build | Farm |
| 17:13 | Queue | Villager (Male) |
| 17:19 | Queue | Skirmisher |
| 17:19 | Queue | Skirmisher |
| 17:22 | Build | Palisade Wall |
| 17:30 | Queue | Villager (Male) |
| 17:42 | Build | Palisade Wall |
| 17:44 | Build | House |
| 17:46 | Build | Palisade Wall |
| 17:47 | Queue | Skirmisher |
| 17:47 | Queue | Skirmisher |
| 17:49 | Queue | Villager (Male) |
| 17:52 | Build | House |
| 18:25 | Queue | Villager (Male) |
| 18:28 | Queue | Skirmisher |
| 18:29 | Queue | Skirmisher |
| 18:53 | Queue | Skirmisher |
| 18:53 | Queue | Skirmisher |
| 19:04 | Queue | Villager (Male) |
| 19:23 | Build | Market |
| 19:26 | Queue | Villager (Male) |
| 19:35 | Queue | Villager (Male) |
| 19:49 | Build | Farm |
| 19:49 | Build | Farm |
| 19:58 | Build | Lumber Camp |
| 20:09 | Build | House |
| 20:12 | Research | Castle Age |
| 20:12 | Research | Castle Age |
| 20:15 | Queue | Archer |
| 20:15 | Queue | Archer |
| 20:21 | Queue | Skirmisher |
| 20:22 | Queue | Skirmisher |
| 20:36 | Build | House |
| 20:37 | Build | House |
| 20:44 | Research | Padded Archer Armor |
| 21:19 | Build | Stable |
| 21:38 | Queue | Skirmisher |
| 21:39 | Queue | Skirmisher |
| 21:48 | Age | Castle Age |
| 21:51 | Research | Elite Skirmisher (upgrade) |
Build order — TAG_MbL_
First 150 of 244 actions detected
| 0:00 | Queue | Villager (Male) ×4 |
| 0:01 | Build | House |
| 0:02 | Build | House |
| 1:29 | Queue | Villager (Male) |
| 1:47 | Queue | Villager (Male) |
| 1:52 | Build | Lumber Camp |
| 2:03 | Queue | Villager (Male) |
| 2:36 | Queue | Villager (Male) |
| 2:59 | Queue | Villager (Male) |
| 3:25 | Queue | Villager (Male) |
| 3:45 | Queue | Villager (Male) |
| 3:52 | Build | House |
| 4:01 | Queue | Villager (Male) |
| 4:17 | Build | Mill |
| 4:20 | Queue | Villager (Male) |
| 4:35 | Queue | Villager (Male) |
| 5:11 | Queue | Villager (Male) |
| 6:04 | Research | Loom |
| 6:10 | Build | Barracks |
| 6:50 | Research | Feudal Age |
| 7:14 | Queue | Militia |
| 7:17 | Queue | Militia |
| 7:20 | Build | House |
| 7:33 | Build | Mining Camp |
| 7:41 | Build | Palisade Wall |
| 7:49 | Build | Palisade Wall |
| 7:55 | Build | Palisade Gate |
| 7:59 | Queue | Villager (Male) |
| 8:06 | Build | Palisade Wall |
| 8:10 | Queue | Militia |
| 8:27 | Build | House |
| 8:37 | Queue | Villager (Male) |
| 8:57 | Build | Palisade Wall |
| 8:58 | Build | Palisade Wall |
| 9:00 | Age | Feudal Age |
| 9:02 | Build | Archery Range |
| 9:05 | Research | Man-at-Arms (upgrade) |
| 9:24 | Queue | Villager (Male) |
| 9:38 | Research | Double-Bit Axe |
| 9:40 | Build | Farm |
| 9:43 | Build | Farm |
| 9:44 | Queue | Archer |
| 9:54 | Build | Farm |
| 10:04 | Queue | Villager (Male) |
| 10:25 | Queue | Villager (Male) |
| 10:37 | Queue | Villager (Male) |
| 10:37 | Queue | Villager (Male) |
| 10:38 | Build | House |
| 11:03 | Build | Farm |
| 11:04 | Build | Farm |
| 11:25 | Queue | Archer |
| 11:25 | Queue | Archer |
| 11:26 | Queue | Villager (Male) |
| 12:05 | Build | Lumber Camp |
| 12:07 | Queue | Villager (Male) |
| 12:21 | Queue | Villager (Male) |
| 12:25 | Build | House |
| 12:48 | Queue | Villager (Male) |
| 12:49 | Build | Farm |
| 12:51 | Build | Farm |
| 13:02 | Queue | Skirmisher |
| 13:04 | Queue | Skirmisher |
| 13:09 | Queue | Villager (Male) |
| 13:15 | Build | Farm |
| 13:36 | Queue | Villager (Male) |
| 13:39 | Build | Farm |
| 13:40 | Build | Farm |
| 13:48 | Build | House |
| 13:54 | Queue | Villager (Male) |
| 14:20 | Queue | Villager (Male) |
| 14:25 | Build | Blacksmith |
| 14:26 | Queue | Skirmisher |
| 14:27 | Queue | Skirmisher |
| 14:32 | Queue | Villager (Male) |
| 14:35 | Build | Farm |
| 14:38 | Build | Farm |
| 15:00 | Queue | Archer |
| 15:00 | Queue | Archer |
| 15:12 | Queue | Villager (Male) |
| 15:13 | Build | Farm |
| 15:15 | Build | Farm |
| 15:18 | Build | House |
| 15:19 | Research | Fletching |
| 15:23 | Queue | Villager (Male) |
| 15:28 | Queue | Villager (Male) |
| 15:42 | Build | Farm |
| 15:43 | Build | Farm |
| 15:51 | Queue | Archer |
| 15:55 | Queue | Villager (Male) |
| 15:57 | Build | Farm |
| 16:19 | Build | House |
| 16:20 | Build | House |
| 16:36 | Queue | Skirmisher |
| 16:56 | Queue | Villager (Male) |
| 16:56 | Queue | Skirmisher |
| 16:59 | Build | Farm |
| 17:00 | Queue | Villager (Male) |
| 17:13 | Queue | Villager (Male) |
| 17:19 | Queue | Skirmisher |
| 17:24 | Build | Archery Range |
| 17:33 | Research | Arson |
| 17:39 | Build | Farm |
| 17:40 | Queue | Villager (Male) |
| 17:44 | Queue | Skirmisher |
| 17:46 | Build | House |
| 17:52 | Build | Palisade Wall |
| 18:08 | Build | House |
| 18:20 | Queue | Villager (Male) |
| 18:29 | Queue | Villager (Male) |
| 18:33 | Queue | Villager (Male) |
| 18:41 | Build | Farm |
| 18:42 | Queue | Villager (Male) |
| 19:10 | Queue | Villager (Male) |
| 19:16 | Research | Castle Age |
| 19:27 | Research | Horse Collar |
| 19:28 | Queue | Militia |
| 19:37 | Queue | Skirmisher |
| 19:41 | Build | Palisade Wall |
| 19:44 | Build | House |
| 19:45 | Build | House |
| 19:47 | Queue | Militia |
| 19:48 | Queue | Militia |
| 19:50 | Queue | Skirmisher |
| 19:50 | Queue | Skirmisher |
| 20:01 | Build | Barracks |
| 20:06 | Build | House |
| 20:10 | Queue | Skirmisher |
| 20:21 | Build | Palisade Gate |
| 20:28 | Queue | Militia |
| 20:31 | Research | Scale Mail Armor |
| 20:31 | Research | Forging |
| 20:35 | Queue | Militia |
| 20:38 | Queue | Skirmisher |
| 20:38 | Queue | Skirmisher |
| 20:55 | Queue | Militia |
| 20:57 | Queue | Militia |
| 21:01 | Queue | Skirmisher |
| 21:02 | Queue | Skirmisher |
| 21:17 | Build | Palisade Gate |
| 21:18 | Build | Palisade Wall |
| 21:20 | Build | Palisade Wall |
| 21:37 | Research | Padded Archer Armor |
| 21:43 | Build | Farm |
| 21:45 | Queue | Skirmisher |
| 22:05 | Age | Castle Age |
| 22:06 | Research | Elite Skirmisher (upgrade) |
| 22:06 | Research | Elite Skirmisher (upgrade) |
| 22:07 | Research | Bodkin Arrow |
| 22:07 | Research | Bodkin Arrow |
| 22:10 | Research | Gambesons |
Match timeline
| 4:39 | Valas · first_building Barracks |
| 6:10 | TAG_MbL_ · first_building Barracks |
| 7:41 | TAG_MbL_ · wall_segment Palisade Wall x1 |
| 7:49 | TAG_MbL_ · wall_segment Palisade Wall x1 |
| 8:06 | TAG_MbL_ · wall_segment Palisade Wall x3 |
| 8:25 | Valas · wall_segment Palisade Wall x1 |
| 8:27 | Valas · wall_segment Palisade Wall x5 |
| 8:29 | Valas · wall_segment Palisade Wall x6 |
| 8:57 | TAG_MbL_ · wall_segment Palisade Wall x1 |
| 8:58 | TAG_MbL_ · wall_segment Palisade Wall x1 |
| 9:00 | TAG_MbL_ · age_up feudal |
| 9:02 | TAG_MbL_ · first_building Archery Range |
| 10:03 | Valas · age_up feudal |
| 10:07 | Valas · first_building Archery Range |
| 11:01 | Valas · wall_segment Palisade Wall x1 |
| 11:02 | Valas · wall_segment Palisade Wall x1 |
| 11:04 | Valas · wall_segment Palisade Wall x1 |
| 11:05 | Valas · wall_segment Palisade Wall x1 |
| 11:06 | Valas · wall_segment Palisade Wall x1 |
| 12:52 | Valas · wall_segment Palisade Wall x1 |
| 12:53 | Valas · wall_segment Palisade Wall x3 |
| 12:55 | Valas · wall_segment Palisade Wall x8 |
| 13:01 | Valas · wall_segment Palisade Wall x13 |
| 16:16 | Valas · wall_segment Palisade Wall x1 |
| 16:16 | Valas · wall_segment Palisade Wall x1 |
| 16:16 | Valas · wall_segment Palisade Wall x1 |
| 16:23 | Valas · wall_segment Palisade Wall x1 |
| 17:22 | Valas · wall_segment Palisade Wall x1 |
| 17:42 | Valas · wall_segment Palisade Wall x1 |
| 17:46 | Valas · wall_segment Palisade Wall x1 |
| 17:52 | TAG_MbL_ · wall_segment Palisade Wall x10 |
| 19:41 | TAG_MbL_ · wall_segment Palisade Wall x9 |
| 20:06 | Valas · first_market_buy 100 food |
| 21:18 | TAG_MbL_ · wall_segment Palisade Wall x1 |
| 21:19 | Valas · first_building Stable |
| 21:20 | TAG_MbL_ · wall_segment Palisade Wall x1 |
| 21:48 | Valas · age_up castle |
| 22:05 | TAG_MbL_ · age_up castle |
| 22:32 | Valas · wall_segment Palisade Wall x1 |
| 23:21 | Valas · wall_segment Palisade Wall x1 |
| 30:25 | Valas · first_building Siege Workshop |
| 31:12 | Valas · resign |
[ AI ANALYSIS · 1 CREDIT ]
What really happened in this match?
Wolo.gg analyzes every decision: build order, eco, micro, common mistakes by bracket. Personalized analysis on WhatsApp or Discord in 30 seconds.
Civ guide
Malay
Perfil
Jugador #628503